 Dungeon Crawl Stone Soup version 0.22-a0-617-g6d95e9e (webtiles) character file.

230 sking99 the Slasher (level 5, -3/40 HPs)
             Began as a Draconian Warper on July 12, 2018.
             Slain by Natasha (7 damage)
             ... on level 2 of the Dungeon.
             The game lasted 00:04:25 (1385 turns).

sking99 the Slasher (Draconian Warper)              Turns: 1385, Time: 00:04:26

Health: -3/40      AC:  5    Str: 14    XL:     5   Next: 72%
Magic:  8/8        EV: 13    Int: 20    God:
Gold:   57         SH:  0    Dex: 11    Spells: 0/8 levels left

rFire    . . .     SeeInvis .   a - +0 falchion
rCold    . . .     Gourm    .   (no shield)
rNeg     . . .     Faith    .   (armour unavailable)
rPois    .         Spirit   .   (helmet restricted)
rElec    .         Reflect  .   (no cloak)
rCorr    .         Harm     .   (no gloves)
MR       .....                  (no boots)
Stlth    +.........             (no amulet)
HPRegen  0.13/turn              (no ring)
MPRegen  0.11/turn              (no ring)

@: brilliant
A: unfitting armour, clever 1, deterioration 1, frail 1, cold-blooded, AC +5
a: no special abilities


You were on level 2 of the Dungeon.
You were near starving.

You visited 1 branch of the dungeon, and saw 2 of its levels.

You collected 57 gold pieces.

Inventory:

Hand Weapons
 a - a +0 falchion (weapon)
Missiles
 d - 5 tomahawks of dispersal (quivered)
Armour
 j - a +2 pair of boots
Jewellery
 e - an uncursed ring of protection from magic {unknown}
Scrolls
 c - a scroll of blinking
 g - a scroll of amnesia {unknown}
 h - a scroll of noise {unknown}
 k - a scroll of identify {unknown}
 l - a scroll of teleportation {unknown}
Potions
 b - a potion of mutation
Comestibles
 f - 2 rations


   Skills:
 + Level 3.5 Fighting
 * Level 4.1 Long Blades
 - Level 0.8 Throwing
 + Level 3.5 Dodging
 - Level 0.2 Stealth
 - Level 2.3 Spellcasting
 - Level 3.0 Translocations


You couldn't memorise any spells.
You knew the following spells:

 Your Spells              Type           Power        Failure   Level  Hunger
a - Blink                 Tloc           N/A          1%          2    ##.....
b - Shroud of Golubria    Chrm/Tloc      ###.......   1%          2    ##.....
c - Passage of Golubria   Tloc           N/A          5%          4    #####..

Your spell library contained the following spells:

 Spells                   Type           Power        Failure   Level  Hunger
 Teleport Other           Tloc           ####....     1%          3    ###....
 Gell's Gravitas          Tloc           ####......   1%          3    ###....
 Lesser Beckoning         Tloc           ####......   1%          3    ###....


Dungeon Overview and Level Annotations

Branches:
Dungeon (2/15)

Altars:
Kikubaaqudgha

Annotations:
D:2 Natasha


Innate Abilities, Weirdness & Mutations

Your plain brown scales are hard. (AC +5)
You cannot fit into any form of body armour.
You are cold-blooded and may be slowed by cold attacks.
Your mind is acute. (Int +2)
Your body sometimes deteriorates upon taking damage.
You are frail. (-10% HP)


Message History

You start resting.
Magic restored.
A frilled lizard comes into view.
The frilled lizard hisses angrily.
You slash the frilled lizard!
You kill the frilled lizard!
Natasha, Servant of Life and Death comes into view.
Natasha casts a spell at you. The magic dart hits you!
* * * LOW HITPOINT WARNING * * *
Items here: ! ) [ † a dagger; a robe; a potion of brilliance; the human corpse of Jessica You closely miss Natasha.
Natasha mewls in sadness.
Natasha claws you but does no damage.
Unknown command.
You slash Natasha! You tail-slap Natasha.
Natasha is severely wounded.
Natasha claws you!
You die...

.##......##########'###
#.
.....................>#
#.
.##......###..(.###.#.#
#. ######.###....#
#.#.# #. #..##.. #
#.#.# #. ##.##.
#.#.###. #..# #.#.....
#######h# #.#...#.
#.....@.## #.......
#....(...# ###.####
#...†.)..# #.....
#........# ######
#.....!......
#....######..# #%...
.># #..) #.# #... #


You could see Natasha.

Vanquished Creatures
  Sigmund (D:2)
  A howler monkey (D:2)
  Jessica (D:2)
  2 giant cockroaches
  4 goblins (D:1)
  A hobgoblin (D:1)
  3 jackals (D:1)
  5 kobolds
  A quokka (D:2)
  2 bats (D:1)
  A frilled lizard (D:2)
  7 rats
29 creatures vanquished.

Vanquished Creatures (others)
  A human (D:2)
1 creature vanquished.

Grand Total: 30 creatures vanquished

Notes
Turn   | Place    | Note
-------+----------+-------------------------------------------
     0 | D:1      | sking99 the Draconian Warper began the quest for the Orb.
     0 | D:1      | Reached XP level 1. HP: 17/17 MP: 3/3
   300 | D:1      | Reached XP level 2. HP: 24/24 MP: 5/5
   977 | D:2      | Found an ancient bone altar of Kikubaaqudgha.
   978 | D:2      | Noticed a human
   980 | D:2      | Killed a human
   983 | D:2      | Learned a level 2 spell: Blink
   986 | D:2      | Learned a level 2 spell: Shroud of Golubria
  1041 | D:2      | Noticed Sigmund
  1065 | D:2      | Killed Sigmund
  1065 | D:2      | Reached skill level 3 in Long Blades
  1065 | D:2      | Reached XP level 3. HP: 6/31 MP: 0/6
  1065 | D:2      | Reached XP level 4. HP: 7/38 MP: 0/7
  1065 | D:2      | Reached XP level 5. HP: 8/45 MP: 0/8
  1345 | D:2      | Learned a level 4 spell: Passage of Golubria
  1363 | D:2      | Noticed Jessica
  1369 | D:2      | Reached skill level 4 in Long Blades
  1374 | D:2      | Gained mutation: Your body sometimes deteriorates upon taking damage. [potion of mutation]
  1374 | D:2      | Gained mutation: You are frail. (-10% HP) [potion of mutation]
  1374 | D:2      | Gained mutation: Your mind is acute. (Int +2) [potion of mutation]
  1377 | D:2      | Killed Jessica
  1382 | D:2      | Noticed Natasha
  1385 | D:2      | Slain by Natasha

Vault maps used:
D:1:      matt_arrival_spirals, item_on_display_b
D:2:      first_ration, tgw_kikubaaqudgha, uniq_sigmund, uniq_jessica,
          uniq_natasha

Skill      XL: |  1  2  3  4  5 |
---------------+----------------+-----
Fighting       | 3 |  3.5
Long Blades    | 3 4 |  4.1
Dodging        | 3 |  3.5
Throwing       | |  0.8
Stealth        | |  0.2
Spellcasting   | |  2.3
Translocations | |  3.0

Action                   |  1- 3 |  4- 6 || total
-------------------------+-------+-------++-------
Melee: Falchion          |    60 |    32 ||    92
       Tailslap          |     5 |     6 ||    11
 Cast: Shroud of Golubri |     3 |     1 ||     4
  Use: Potion            |       |     2 ||     2
 Stab: Sleeping          |     1 |       ||     1
Armor: Skin              |    21 |    10 ||    31
Dodge: Dodged            |    55 |    22 ||    77
       Rpst.: Falchion   |    20 |     8 ||    28

Table legend:
 A = Spawn XP
 B = Non-spawn XP
 C = Spawn XP percentage of total XP
 D = Spawn monster count
 E = Non-spawn monster count
 F = Spawn count percentage of total count
 G = Total turns spent on level
                    A         B        C        D         E        F      G
               +---------+---------+-------+---------+---------+-------+---------
         Total |       0 |     329 |   0.0 |       0 |      29 |   0.0 |  1385
               +---------+---------+-------+---------+---------+-------+---------
           D:1 |       0 |      31 |   0.0 |       0 |      19 |   0.0 |   903
           D:2 |       0 |     298 |   0.0 |       0 |      10 |   0.0 |   482
               +---------+---------+-------+---------+---------+-------+---------
